 Dungeon Crawl Stone Soup version 0.19-a0-578-g4cfc824 (webtiles) character file.

347 Aksej the Slasher (level 6, -2/44 HPs)
             Began as a Demonspawn Gladiator on June 9, 2016.
             Was a Follower of Qazlal.
             Killed from afar by an orc wizard (6 damage)
             ... with a magic dart
             ... on level 4 of the Dungeon.
             The game lasted 00:06:04 (2858 turns).

Aksej the Slasher (Demonspawn Gladiator)            Turns: 2858, Time: 00:06:05

Health: -2/44      AC:  5    Str: 15 (16) XL:     6   Next: 33%
Magic:  2/6        EV: 13    Int:  8 (9)  God:    Qazlal [*.....]
Gold:   129        SH:  2    Dex: 10 (13) Spells: 0 memorised, 5 levels left

rFire  . . .     SeeInvis .     a - +1 long sword
rCold  . . .     Gourm    .     b - +1 leather armour
rNeg   . . .     Faith    .     (no shield)
rPois  .         Spirit   .     c - +0 helmet
rElec  .         Dismiss  .     (no cloak)
rCorr  .         Reflect  .     (no gloves)
SustAt .         Harm     .     (no boots)
MR     .....                    (no amulet)
Stlth  +.........               (no ring)
                                (no ring)

@: not resistant to hostile enchantments, very unstealthy
A: fangs 1, foul stench 1, weak 1, rot immunity, MP-powered wands
a: Renounce Religion


You were on level 4 of the Dungeon.
You worshipped Qazlal.
Qazlal was aware of your devotion.
You were not hungry.

You visited 1 branch of the dungeon, and saw 4 of its levels.

You collected 129 gold pieces.

Inventory:

Hand Weapons
 a - a +1 long sword (weapon)
Missiles
 d - 3 throwing nets (quivered)
Armour
 b - a +1 leather armour (worn)
 c - a +0 helmet (worn)
Jewellery
 e - a +5 ring of strength {unknown}
Wands
 n - a wand of confusion (28/48)
Scrolls
 f - 2 scrolls of enchant weapon
 j - a scroll of recharging
 k - a scroll of fear {unknown}
 m - a scroll of remove curse
Potions
 h - a potion of haste {unknown}
 i - a potion of curing
 p - a potion of might {unknown}
 q - a potion of lignification {unknown}
Comestibles
 g - a meat ration
 l - a bread ration
 o - 4 chunks of flesh


   Skills:
 - Level 2.0 Fighting
 * Level 5.5 Long Blades
 - Level 1.7 Throwing
 + Level 4.3 Dodging


You had 5 spell levels left.
You didn't know any spells.

Dungeon Overview and Level Annotations

Branches:
Dungeon (4/15)
 Temple: D:4-7

Altars:
Gozag
Hepliaklqana
Qazlal
Ru
Xom
The Shining One


Innate Abilities, Weirdness & Mutations

You may emit foul miasma when damaged in melee.
You are immune to rotting.
You have very sharp teeth.
You are weak. (Str -2)
You expend magic power (3 MP) to strengthen your wands.


Message History

The orc wizard hits you but does no damage.
You barely miss the orc wizard.
The orc wizard is severely wounded.
The orc wizard casts a spell at you. You resist with some effort.
You hit the orc wizard.
The orc wizard is almost dead.
The orc wizard hits you with a dagger.
* * * LOW HITPOINT WARNING * * *
The orc wizard looks sick.
The orc wizard hits you but does no damage.
You hit the orc wizard but do no damage.
The orc wizard is almost dead.
The orc wizard casts a spell.
The orc wizard blinks!
You completely miss the orc wizard.
The orc wizard is almost dead.
The orc wizard gestures at you while chanting.
The magic dart hits you!
You die...

#.# ##.#
####.(####
#........#
#...... .+
#.#..)##.#
#.##!..#.#
#)####.#.#
#.o@ยง....#
######.### #+#
#.# #.# #.# #.#
#.# ##.## #.#
##...## #.#
#.....### #.#
#........
#.#####.#.#.###


You could see an orc wizard.

Vanquished Creatures
  An ogre (D:3)
  The ghost of jehirs the Caller, an amateur TeSu of Sif Muna (D:3)
  A scorpion (D:3)
  An orc wizard (D:4)
  2 adders
  3 gnolls (D:4)
  3 worms (D:2)
  A dart slug (D:1)
  2 giant geckos (D:1)
  4 orcs
  6 bats
  5 giant cockroaches
  4 goblins
  2 hobgoblins
  2 jackals (D:4)
  10 kobolds
  3 quokkas
  A giant newt (D:3)
  11 rats
63 creatures vanquished.

Notes
Turn   | Place    | Note
--------------------------------------------------------------
     0 | D:1      | Aksej the Demonspawn Gladiator began the quest for the Orb.
     0 | D:1      | Reached XP level 1. HP: 16/16 MP: 1/1
   110 | D:1      | Reached skill level 3 in Long Blades
   140 | D:1      | Gained mutation: You are immune to rotting. [demonic ancestry]
   140 | D:1      | Reached XP level 2. HP: 16/22 MP: 2/2
   674 | D:2      | Found a stormy altar of Qazlal.
   674 | D:2      | Found a shimmering altar of Xom.
   681 | D:2      | Reached XP level 3. HP: 20/27 MP: 3/3
   689 | D:2      | Became a worshipper of Qazlal Stormbringer
   837 | D:2      | Found a glowing golden altar of the Shining One.
  1030 | D:2      | Found a hazy altar of Hepliaklqana.
  1422 | D:3      | Noticed an ogre
  1428 | D:3      | Killed an ogre
  1428 | D:3      | Reached skill level 4 in Long Blades
  1428 | D:3      | Reached XP level 4. HP: 19/33 MP: 4/4
  1428 | D:3      | Reached XP level 5. HP: 22/38 MP: 5/5
  1604 | D:3      | Found a faded altar of an unknown god.
  1680 | D:3      | Noticed jehirs's ghost (amateur TeSu)
  1712 | D:3      | Killed jehirs's ghost
  1712 | D:3      | Reached skill level 5 in Long Blades
  1966 | D:3      | Gained mutation: You may emit foul miasma when damaged in melee. [demonic ancestry]
  1966 | D:3      | Reached XP level 6. HP: 43/44 MP: 6/6
  2001 | D:3      | Found an opulent altar of Gozag.
  2025 | D:3      | Reached * piety under Qazlal
  2355 | D:3      | Gained mutation: You expend magic power (3 MP) to strengthen your wands. [potion of mutation]
  2355 | D:3      | Gained mutation: You have very sharp teeth. [potion of mutation]
  2355 | D:3      | Gained mutation: You are weak. (Str -2) [potion of mutation]
  2426 | D:4      | Found a sacrificial altar of Ru.
  2858 | D:4      | Killed from afar by an orc wizard

Vault maps used:
D:1:      elethiomel_arrival_quiet
D:2:      nicolae_tso_carved_into_rock, overflow_temple_1_default,
          grunt_temple_overflow_open
D:3:      overflow_temple_1_default, ecumenical_altar_1, serial_park_tiny_1,
          small_statue_intersection
D:4:      kiku_gazebo_garden_becter, lemuel_crystal_altar, first_bread

Skill      XL: |  1  2  3  4  5 |
---------------+----------------+-----
Long Blades    | 3 4 5 |  5.5
Dodging        | 3 4 |  4.3
Fighting       | |  2.0
Throwing       | |  1.7

Action                   |  1- 3 |  4- 6 || total
-------------------------+-------+-------++-------
Melee: Long sword        |   127 |   125 ||   252
       Bite              |       |     3 ||     3
Evoke: Wand              |       |     2 ||     2
  Use: Scroll            |     5 |     3 ||     8
       Potion            |     1 |     7 ||     8
  Eat: Chunk             |     1 |     1 ||     2
       Bread ration      |       |     1 ||     1
Armor: Leather armour    |    34 |    33 ||    67
Dodge: Dodged            |    97 |   120 ||   217
Block: Other             |       |     4 ||     4
